 Dungeon Crawl Stone Soup version 0.19-a0-1870-gc32fe5a (webtiles) character file.

42 Folque01 the Grasshopper (level 3, 0/24 HPs)
             Began as an Octopode Wanderer on Oct 13, 2016.
             Succumbed to an adder's poison
             ... on level 1 of the Dungeon.
             The game lasted 00:09:00 (1184 turns).

Folque01 the Grasshopper (Octopode Wanderer)        Turns: 1184, Time: 00:09:00

Health: 0/24       AC:  1    Str:  9    XL:     3   Next: 56%
Magic:  1/5        EV: 12    Int: 15    God:
Gold:   76         SH:  0    Dex: 13    Spells: 2 memorised, 2 levels left

rFire  + . .     SeeInvis .     c - +0 quarterstaff
rCold  + . .     Gourm    .     (shield currently unavailable)
rNeg   . . .     Faith    +     (helmet restricted)
rPois  +         Spirit   .     h - amulet of faith
rElec  +         Dismiss  .     (no ring)
rCorr  +         Reflect  .     (no ring)
MR     .....     Harm     .     (no ring)
Stlth  +++.......               (no ring)
                                (no ring)
                                (no ring)
                                (no ring)
                                (no ring)

@: lethally poisoned (0 -> -6), resistant, very slightly contaminated
A: almost no armour, stealthy swim, amphibious, 8 rings, constrict 8, camouflage
1, gelatinous body 1
a: no special abilities


You were on level 1 of the Dungeon.
You were not hungry.

You visited 1 branch of the dungeon, and saw 2 of its levels.

You collected 76 gold pieces.

Inventory:

Hand Weapons
 c - a +0 quarterstaff (weapon)
 d - a +0 dagger
Jewellery
 h - an amulet of faith (around mantle)
Potions
 j - a potion of magic {unknown}
 l - a potion of agility {unknown}
Books
 a - a book of Spatial Translocations

   Spells                             Type                      Level
   a - Blink                          Translocation                2
   b - Shroud of Golubria             Charms/Translocation         2
   c - Lesser Beckoning               Translocation                3
   d - Portal Projectile              Translocation                3
   e - Teleport Other                 Translocation                3
   f - Passage of Golubria            Translocation                4
 b - the Incunabulum of Summoning

   Spells                             Type                      Level
   a - Summon Small Mammal            Summoning                    1
   b - Recall                         Summoning/Translocation      3
Comestibles
 f - 2 bread rations
 g - a beef jerky
 i - 2 fruits


   Skills:
 + Level 1.8 Fighting
 - Level 2.2 Staves
 - Level 2.6 Stealth
 * Level 1.7 Spellcasting
 - Level 4.0 Translocations
   Level 1.2 Poison Magic
   Level 1.1 Evocations


You had 2 spell levels left.
You knew the following spells:

 Your Spells              Type           Power        Failure   Level  Hunger
a - Summon Small Mammal   Summ           #...         28%         1    ##.....
b - Blink                 Tloc           N/A          10%         2    ###....


Dungeon Overview and Level Annotations

Branches:
Dungeon (2/15)

Altars:


Innate Abilities, Weirdness & Mutations

You cannot wear most types of armour.
You are very stealthy in the water. (Stealth+)
You are amphibious.
You can wear up to eight rings at the same time.
You can use your tentacles to constrict eight enemies at once.
Your skin changes colour to match your surroundings (Stealth+).
Your rubbery body absorbs attacks. (AC +1, EV +1)


Message History

You don't have enough magic to cast that spell.
You hit the leopard gecko. Your grab misses the leopard gecko.
The leopard gecko is almost dead.
The leopard gecko bites you.
* * * LOW HITPOINT WARNING * * *
The adder bites your rat.
Your rat dies!
Your rat's corpse disappears in a puff of smoke!
The leopard gecko closely misses you.
* * * LOW HITPOINT WARNING * * *
You feel sick.
You barely miss the leopard gecko. Your grab misses the leopard gecko.
The leopard gecko is almost dead.
The leopard gecko misses you. The adder bites you.
* * * LOW HITPOINT WARNING * * *
You are more poisoned.
The adder poisons you!
It was a potion of resistance.
You feel protected.
You die...

#....................#
#.#############..###.#
#................# #.#
#..###########...# #.### #..#
#######...# #...# #..#
#.........#####.# #..#
#............##.# #..#
#.......#.##.##.#
####..#####.....@.#.##.##.#
...#......#.....lS#.##.##.#
....................##.##.######
...#.....(######.#####.##....).#
.###.()..........#####.#######.#
................>......##### #.#
..((......#................# #.#
#####.##..#.##############.###.##
...##.##..#.# #............#


You could see an adder and a leopard gecko.

Vanquished Creatures
  An adder (D:1)
  A dart slug (D:1)
  3 bats
  5 goblins
  10 hobgoblins (D:1)
  2 jackals
  3 kobolds (D:1)
25 creatures vanquished.

Vanquished Creatures (collateral kills)
  A frilled lizard (D:2)
1 creature vanquished.

Grand Total: 26 creatures vanquished

Notes
Turn   | Place    | Note
-------+----------+-------------------------------------------
     0 | D:1      | Folque01 the Octopode Wanderer began the quest for the Orb.
     0 | D:1      | Folque01 set off with: a book of Spatial Translocations, the Incunabulum of Summoning, a +0 quarterstaff, a +0 dagger, a bread ration
     0 | D:1      | Reached XP level 1. HP: 11/11 MP: 1/1
     0 | D:1      | Identified the Incunabulum of Summoning
    44 | D:1      | Reached XP level 2. HP: 15/18 MP: 2/2
    47 | D:1      | Learned a level 1 spell: Summon Small Mammal
   157 | D:1      | Reached skill level 1 in Spellcasting
   160 | D:1      | Reached skill level 1 in Fighting
   169 | D:1      | Learned a level 2 spell: Blink
   578 | D:1      | Reached XP level 3. HP: 22/23 MP: 1/5
  1183 | D:1      | HP: 1/24 [adder (1)]
  1184 | D:1      | Succumbed to an adder's poison

Vault maps used:
D:1:      lemuel_arrival_lava_pool, serial_park_tiny_2, minmay_hexomino_u4
D:2:      minmay_door_square, uniq_jessica

Skill      XL: |  1  2 |
---------------+-------+-----
Spellcasting   | 1 |  1.7
Fighting       | 1 |  1.8
Staves         | |  2.2
Stealth        | |  2.6
Translocations | |  4.0
Poison Magic   | |  1.2
Evocations     | |  1.1

Action                   || total
-------------------------++-------
Melee: Quarterstaff      ||    46
       Constrict         ||     9
       Tentacles         ||     6
 Cast: Summon Small Mamm ||     9
       Blink             ||     1
  Use: Scroll            ||     2
       Potion            ||     1
 Stab: Sleeping          ||     4
  Eat: Chunk             ||     1
Armor: Skin              ||     3
Dodge: Dodged            ||    38
